 Dungeon Crawl Stone Soup version 0.28-a0-464-g0687ed57fd (webtiles) character file.

Game seed: 16537821240149141727

104748 Morbidden the Thaumaturge (level 15, -5/121 HPs)
             Began as a Demigod Earth Elementalist on Sept 14, 2021.
             Slain by an ettin (25 damage)
             ... on level 1 of the Orcish Mines.
             The game lasted 00:59:02 (29325 turns).

Morbidden the Thaumaturge (DgEE)                   Turns: 29325, Time: 00:59:02

Health: -5/121     AC: 16    Str: 16    XL:     15   Next: 45%
Magic:  51/56      EV: 15    Int: 44    God:
Gold:   3867       SH:  6    Dex: 18    Spells: 11/40 levels left

rFire   . . .      SeeInvis .   a - +2 scimitar (flame)
rCold   + . .      Faith    .   t - +1 buckler
rNeg    . . .      Spirit   .   P - +0 ring mail of Pride {Regen+ Str+3 Dex+4}
rPois   +          Reflect  .   Q - +3 hat of Pondering {ponderous, Will+ MP+10 Int+5}
rElec   .          Harm     +   H - +0 cloak
rCorr   .          Rampage  .   p - +2 pair of gloves of Hysteria {rC+}
Will    ++...                   C - +2 pair of boots of Lilacs {Harm rPois}
Stlth   ++........              z - amulet of magic regeneration
HPRegen 1.30/turn               W - ring of magical power
MPRegen 0.60/turn               h - +6 ring of intelligence

@: very slightly contaminated, slow
A: high mp 1, forlorn
a: no special abilities


You were on level 1 of the Orcish Mines.
You visited 4 branches of the dungeon, and saw 23 of its levels.
You also visited: Gauntlet and Ice Cave.

You collected 3867 gold pieces.

Inventory:

Hand Weapons
 a - a +2 scimitar of flaming (weapon)
 b - a +2 dagger of venom
 K - a +1 dagger of holy wrath
Missiles
 c - 629 stones
 l - a throwing net
 m - 130 poisoned darts
 V - 8 javelins
Armour
 p - the +2 pair of gloves of Hysteria (worn) {rC+}
   (You found it in a Gauntlet)

   rC:        It protects you from cold.
 t - a +1 buckler (worn)
 C - the +2 pair of boots of Lilacs (worn) {Harm rPois}
   (You found it on level 6 of the Dungeon)

   rPois:     It protects you from poison.
   Harm:      It increases damage dealt and taken.
 H - a +0 cloak (worn)
 P - the +0 ring mail of Pride (worn) {Regen+ Str+3 Dex+4}
   (You found it on level 10 of the Dungeon)

   Str:       It affects your strength (+3).
   Dex:       It affects your dexterity (+4).
   Regen:     It increases your rate of health regeneration.
 Q - the +3 hat of Pondering (worn) {ponderous, Will+ MP+10 Int+5}
   (You took it off Gastronok on level 2 of the Lair of Beasts)

   Int:       It affects your intelligence (+5).
   MP:        It affects your magic capacity (+10).
   Will:      It increases your willpower.
Jewellery
 h - a +6 ring of intelligence (right hand)
 z - an amulet of magic regeneration (around neck)
 I - a ring of flight
 M - a ring of see invisible
 O - a ring of protection from fire
 W - a ring of magical power (left hand)
Wands
 o - a wand of digging (14)
 B - a wand of iceblast (8)
 G - a wand of paralysis (14)
 N - a wand of mindburst (16)
 X - a wand of acid (29)
Scrolls
 d - 10 scrolls of teleportation
 f - 8 scrolls of amnesia
 g - 4 scrolls of enchant weapon
 i - 3 scrolls of fog
 k - 2 scrolls of holy word
 u - 3 scrolls of enchant armour
 v - 2 scrolls of silence
 y - 2 scrolls of vulnerability
 J - 2 scrolls of noise
 L - 2 scrolls of summoning
 T - 2 scrolls of fear
 U - 3 scrolls of immolation
 Y - 2 scrolls of blinking
 Z - 7 scrolls of identify
Potions
 e - 11 potions of curing
 j - 2 potions of magic {unknown}
 n - 4 potions of invisibility {unknown}
 q - 3 potions of heal wounds
 r - a potion of mutation {unknown}
 s - 3 potions of brilliance
 w - 5 potions of haste
 x - a potion of berserk rage {unknown}
 A - 7 potions of ambrosia
 D - 3 potions of lignification {unknown}
 E - 3 potions of flight {unknown}
 F - 3 potions of might {unknown}
 R - 3 potions of cancellation {unknown}
 S - 2 potions of attraction {unknown}


   Skills:
 * Level 8.2 Fighting
 * Level 6.7 Long Blades
 * Level 4.6 Armour
 * Level 8.6 Dodging
 + Level 3.7 Stealth
 + Level 4.2 Shields
 + Level 0.6 Unarmed Combat
 * Level 13.4 Spellcasting
 * Level 6.6 Conjurations
 * Level 5.9 Transmutations
 + Level 0.4 Fire Magic
 + Level 3.0 Ice Magic
 * Level 9.5 Air Magic
 + Level 9.9 Earth Magic
 * Level 2.3 Poison Magic


You had 11 spell levels left.
You knew the following spells:

 Your Spells              Type           Power      Damage    Failure   Level
a - Sandblast             Erth           100%       2d20      1%          1
b - Stone Arrow           Conj/Erth      100%       3d13      1%          3
c - Olgreb's Toxic Radia  Pois           50%        N/A       6%          4
d - Freezing Cloud        Conj/Ice/Air   36%        6-21      3%          5
e - Ignite Poison         Fire/Tmut/Pois 53%        N/A       1%          3
s - Petrify               Tmut/Erth      79%        N/A       1%          4
x - Irradiate             Conj/Tmut      35%        3d25      3%          5
z - Airstrike             Air            42%        N/A       1%          4

Your spell library contained the following spells:

 Spells                   Type           Power      Damage    Failure   Level
 Apportation              Tloc           58%        N/A       1%          1
 Shock                    Conj/Air       100%       1d9       1%          1
 Passwall                 Tmut/Erth      65%        N/A       1%          2
 Mephitic Cloud           Conj/Pois/Air  71%        N/A       1%          3
 Swiftness                Air            85%        N/A       1%          3
 Sublimation of Blood     Necr           14%        N/A       2%          2
 Gell's Gravitas          Tloc           14%        N/A       4%          3
 Teleport Other           Tloc           29%        N/A       4%          3
 Alistair's Intoxication  Tmut/Pois      40%        N/A       9%          5
 Dispersal                Tloc           14%        N/A       95%         6
 Invisibility             Hex            14%        N/A       95%         6
 Ozocubu's Refrigeration  Ice            27%        4d10      99%         7
 Ignition                 Fire           16%        3d7       100%        8


Dungeon Overview and Level Annotations

Branches:
Dungeon (15/15)            Temple (0/1) D:5            Lair (6/6) D:10
 Shoals (0/4) Lair:4       Spider (1/4) Lair:3        Slime (0/5) Lair:6
    Orc (1/2) D:11         Vaults (0/5) D:14         Depths (0/5) D:15
  IceCv (visited)         Gauntlet (visited)

Annotations:
D:2 1 runed translucent door, Crazy Yiuf
D:5 exclusion: oklob plant
D:10 exclusions: 2 lava snakes, orange crystal statue and 3 more exclusions
Lair:2 exclusion: ice statue
Lair:3 3 runed translucent doors, Heedrag's ghost, journeyman DsSu


Innate Abilities, Weirdness & Mutations

Your attributes grow dramatically as you level up.
You have an increased reservoir of magic. (+10% MP)
You shall have no god before yourself.


Message History

You kill the orc wizard!
Unknown command.
Unknown command.
Unknown command.
Unknown command.
Things that are here:
a +0 club; a +0 ring mail; an orc corpse
Found 17 gold pieces.
Items here: ( ) [ †.
No target in view!
No target in view!
No target in view!
An ettin comes into view. It is wielding two +0 dire flails.
Things that are here:
a +0 short sword; a +0 leather armour The ettin shouts in stereo!
The ettin hits you with a +0 dire flail!!!
The ettin hits you with a +0 dire flail!!
Unknown command.
You are too injured to fight recklessly!
You are too injured to fight recklessly!
Unknown command.
Unknown command.
Unknown command.
Casting: Ignite Poison (safe; 1% risk of failure)
Confirm with . or Enter, or press ? or * to list all spells.
You don't know that spell.
Unknown command.
Unknown command.
Casting: Ignite Poison (safe; 1% risk of failure)
Confirm with . or Enter, or press ? or * to list all spells.
You erupt in a fountain of uncontrolled magic!
The ettin is blasted with magical radiation!!
The ettin is severely wounded.
The ettin twists and deforms.
You are very lightly contaminated with residual magic.
The ettin hits you with a +0 dire flail!!
* * * LOW HITPOINT WARNING * * *
The ettin hits you with a +0 dire flail!!
You die...

...... ..# ..# #......
..# ...###### #.....
...#. .......≈##
#.$.####.....
.........#
#....#.......
#..≈≈≈≈..#
#..........##
##.≈≈≈≈.###
#..........#
#...≈≈....###...@C...#
#...≈.≈....##.......##
#.......#.).)).#..#.#
.....#..#..)..##### #
...≈##≈≈##.##).#
..##########...# .##
#...# ##### ...##
##..########.##


You could see an ettin (misshapen).

Vanquished Creatures
  Gastronok (Lair:2)
  Frances (D:14)
  Kirke (Lair:4)
  Louise (D:15)
  A minotaur (Gauntlet)
  2 boulder beetles
  Erolcha (Orc:1)
  A rakshasa (D:15)
  5 hydras
  2 catoblepae
  A merfolk avatar (Lair:6)
  An ice dragon (Lair:2)
  4 centaur warriors
  5 two-headed ogres
  5 tengu warriors
  23 death yaks
  3 skeletal warriors (D:12)
  3 sea snakes (Lair:6)
  A glowing orange brain (D:15)
  A glowing orange brain (shapeshifter) (D:15)
  A necromancer (D:14)
  2 harpies
  An orc knight (Orc:1)
  15 ugly things
  3 manticores
  3 deep elf pyromancers (D:15)
  4 cyclopes
  A moth of wrath (shapeshifter) (Gauntlet)
  7 black mambas
  An oklob plant (Lair:3)
  14 elephants
  15 cane toads
  A gargoyle (D:13)
  2 unseen horrors
  Maggie (D:7)
  10 komodo dragons
  An efreet (D:14)
  9 rime drakes
  A meliai (D:15)
  A tengu conjurer (D:13)
  5 trolls
  A jumping spider (Lair:3)
  A merfolk (shapeshifter) (Gauntlet)
  9 polar bears
  4 hornets
  A queen bee (D:11)
  23 blink frogs
  2 wind drakes
  20 slime creatures
  A redback (Lair:3)
  2 wraiths
  A shadow (D:13)
  6 wyverns
  2 water elementals (D:14)
  27 yaks
  5 steam dragons
  2 basilisks
  A warg (Orc:1)
  14 vampire mosquitoes
  A redback simulacrum (D:12)
  Edmund (D:6)
  An acid dragon (D:14)
  12 water moccasins
  14 orc warriors
  4 ice beasts (Lair:2)
  A sky beast (D:5)
  8 necrophages
  8 ogres
  23 wolves
  17 centaurs
  4 kobold brigands
  12 bullfrogs
  3 gnoll sergeants (D:11)
  A scorpion (D:5)
  A wyvern skeleton (D:7)
  A water moccasin skeleton (D:5)
  24 killer bees
  3 centaur zombies
  2 jellies
  An orc priest (D:10)
  Natasha (thrice) (D:2)
  2 iguanas (D:6)
  6 orc wizards
  7 hell rats (Lair:6)
  A polar bear simulacrum (IceCv)
  2 wolf simulacra (IceCv)
  A howler monkey zombie (D:9)
  3 gnolls (D:11)
  A howler monkey skeleton (D:5)
  10 adders
  2 shadow imps
  3 white imps (Lair:2)
  An ufetubus (D:4)
  An adder skeleton (D:4)
  3 dart slugs (D:4)
  6 worms
  40 orcs
  3 ball pythons
  9 bats
  7 endoplasms
  5 giant cockroaches
  7 goblins
  A hobgoblin (shapeshifter) (Gauntlet)
  8 hobgoblins
  7 jackals
  17 kobolds
  3 quokkas
  3 frilled lizards (D:2)
  6 rats
593 creatures vanquished.

Vanquished Creatures (others)
  A yak (Lair:4)
  A human (Lair:4)
  A bush (Lair:6)
  73 fungi
  78 plants
  4 toadstools (D:5)
  3 withered plants (Gauntlet)
161 creatures vanquished.

Grand Total: 754 creatures vanquished

Notes
Turn   | Place    | Note
-------+----------+-------------------------------------------
     0 | D:1      | Morbidden the Demigod Earth Elementalist began the quest
                  | for the Orb.
     0 | D:1      | Reached XP level 1. HP: 14/14 MP: 5/5
    28 | D:1      | Reached skill level 1 in Transmutations
   298 | D:1      | Reached skill level 2 in Spellcasting
   338 | D:1      | Reached XP level 2. HP: 5/20 MP: 4/7
  1408 | D:2      | Reached XP level 3. HP: 26/26 MP: 7/9
  1520 | D:2      | Found a runed translucent door.
  1521 | D:2      | Noticed Crazy Yiuf
  1659 | D:2      | Noticed Natasha
  1662 | D:2      | Killed Natasha
  1728 | D:2      | Reached XP level 4. HP: 28/34 MP: 4/10
  1750 | D:2      | Reached skill level 1 in Fighting
  1909 | D:2      | Learned a level 3 spell: Stone Arrow
  2157 | D:2      | Noticed Natasha
  2165 | D:2      | Killed Natasha
  2413 | D:2      | Noticed Natasha
  2416 | D:2      | Killed Natasha
  2417 | D:2      | Reached XP level 5. HP: 40/40 MP: 8/12
  2701 | D:3      | Reached skill level 3 in Spellcasting
  4030 | D:4      | Noticed a necrophage
  4035 | D:4      | Killed a necrophage
  4036 | D:4      | Reached XP level 6. HP: 48/48 MP: 4/14
  4678 | D:5      | Entered Level 5 of the Dungeon
  4927 | D:5      | Reached skill level 4 in Spellcasting
  5167 | D:5      | Reached skill level 1 in Shields
  5167 | D:5      | Reached XP level 7. HP: 55/55 MP: 6/16
  5238 | D:5      | Reached skill level 1 in Conjurations
  5393 | D:5      | Found a staircase to the Ecumenical Temple.
  5395 | D:5      | Noticed a steam dragon
  5421 | D:5      | Killed a steam dragon
  5422 | D:5      | Reached skill level 5 in Earth Magic
  5736 | D:5      | Noticed an oklob plant
  6059 | D:6      | Noticed Edmund
  6067 | D:6      | Killed Edmund
  6409 | D:6      | Identified the +2 pair of boots of Lilacs {Harm rPois}
  6465 | D:6      | Reached XP level 8. HP: 62/62 MP: 14/18
  6522 | D:6      | Reached skill level 5 in Spellcasting
  6722 | D:6      | Learned a level 4 spell: Petrify
  6911 | D:7      | Noticed Maggie
  6914 | D:7      | Killed Maggie
  7127 | D:7      | Reached skill level 6 in Spellcasting
  8056 | D:8      | Reached XP level 9. HP: 61/71 MP: 18/22
  9053 | D:9      | Reached skill level 1 in Long Blades
  9343 | D:9      | Reached skill level 7 in Spellcasting
 10033 | D:10     | Entered Level 10 of the Dungeon
 10033 | D:10     | Noticed a two-headed ogre
 10036 | D:10     | Killed a two-headed ogre
 10105 | D:10     | Reached XP level 10. HP: 80/80 MP: 12/25
 10208 | D:10     | Noticed a two-headed ogre
 10212 | D:10     | Killed a two-headed ogre
 10417 | D:10     | Identified the +0 ring mail of Pride {Regen+ Str+3 Dex+4}
 10719 | D:10     | Reached skill level 8 in Spellcasting
 10803 | D:10     | Identified the +1 ring mail "Miejoov" {Drain rC+ MP+9}
 10838 | D:10     | Noticed an orange crystal statue
 11307 | D:10     | Found a staircase to the Lair.
 11820 | Lair:1   | Entered Level 1 of the Lair of Beasts
 11822 | Lair:1   | Found a gate leading to a gauntlet.
 11829 | Gauntlet | Entered a Gauntlet
 11829 | Gauntlet | Found a transporter.
 11829 | Gauntlet | Found a transporter.
 11844 | Gauntlet | Noticed a manticore
 11844 | Gauntlet | a redback changed into a manticore
 11857 | Gauntlet | Found a transporter.
 11859 | Gauntlet | Found a transporter.
 11859 | Gauntlet | a manticore changed into a merfolk
 11862 | Gauntlet | Noticed an alligator
 11862 | Gauntlet | a snapping turtle changed into an alligator
 11865 | Gauntlet | Noticed a catoblepas
 11865 | Gauntlet | an alligator changed into a slime creature
 11867 | Gauntlet | Noticed a fire crab
 11869 | Gauntlet | Found a transporter.
 11912 | Gauntlet | Noticed a black mamba
 11917 | Gauntlet | a black mamba changed into a hornet
 11933 | Gauntlet | Found a transporter.
 11940 | Gauntlet | Noticed a moth of wrath
 11945 | Gauntlet | Found a transporter.
 11959 | Gauntlet | Found a transporter.
 11969 | Gauntlet | Found a transporter.
 11984 | Gauntlet | Found a transporter.
 11990 | Gauntlet | Found a transporter.
 12016 | Gauntlet | Noticed an eye of devastation
 12017 | Gauntlet | Noticed a manticore
 12017 | Gauntlet | an eye of devastation changed into a manticore
 12019 | Gauntlet | Noticed a faun
 12019 | Gauntlet | a manticore changed into a faun
 12020 | Gauntlet | Noticed a lindwurm
 12020 | Gauntlet | a faun changed into a lindwurm
 12021 | Gauntlet | Noticed a moth of wrath
 12026 | Gauntlet | Found a transporter.
 12054 | Gauntlet | Noticed a torpor snail
 12054 | Gauntlet | a redback changed into a torpor snail
 12062 | Gauntlet | Noticed a glowing shapeshifter
 12062 | Gauntlet | a swamp worm changed into a glowing shapeshifter
 12063 | Gauntlet | Noticed a two-headed ogre
 12063 | Gauntlet | a glowing shapeshifter changed into a two-headed ogre
 12064 | Gauntlet | Noticed a water nymph
 12064 | Gauntlet | a two-headed ogre changed into a water nymph
 12066 | Gauntlet | a water nymph changed into a snapping turtle
 12069 | Gauntlet | Noticed an elephant
 12070 | Gauntlet | a torpor snail changed into a merfolk
 12070 | Gauntlet | Noticed a moth of wrath
 12070 | Gauntlet | an elephant changed into a moth of wrath
 12075 | Gauntlet | Killed a moth of wrath
 12076 | Gauntlet | Reached skill level 5 in Fighting
 12176 | Gauntlet | Identified the +2 pair of gloves of Hysteria {rC+}
 12217 | Gauntlet | Identified the ring of Jaasiab {rPois rF- Dex+5}
 12217 | Gauntlet | Noticed a minotaur
 12224 | Gauntlet | Killed a minotaur
 12265 | Gauntlet | Learned a level 4 spell: Airstrike
 12400 | Lair:1   | Reached skill level 1 in Armour
 12549 | Lair:1   | Reached XP level 11. HP: 88/88 MP: 20/28
 12637 | Lair:1   | Reached skill level 1 in Air Magic
 13382 | Lair:2   | Reached skill level 9 in Spellcasting
 13596 | Lair:2   | Identified 2 scrolls of acquirement
 13596 | Lair:2   | Acquired 1160 gold pieces
 13600 | Lair:2   | Acquired 969 gold pieces
 13989 | Lair:2   | Noticed an ice dragon
 14222 | Lair:2   | Noticed a four-headed hydra
 14227 | Lair:2   | Killed a four-headed hydra
 14349 | Lair:2   | Killed an ice dragon
 14617 | Lair:2   | Noticed a catoblepas
 14632 | Lair:2   | Killed a catoblepas
 14633 | Lair:2   | Reached skill level 5 in Dodging
 14816 | Lair:2   | Noticed Gastronok
 14825 | Lair:2   | Killed Gastronok
 14826 | Lair:2   | Reached skill level 5 in Conjurations
 15397 | Lair:3   | Reached XP level 12. HP: 95/95 MP: 22/30
 15550 | Lair:3   | Reached skill level 10 in Spellcasting
 15725 | Lair:3   | Found a hole to the Spider Nest.
 15911 | Lair:3   | Noticed a six-headed hydra
 15917 | Lair:3   | Killed a six-headed hydra
 16139 | Lair:3   | Noticed a five-headed hydra
 16147 | Lair:3   | Killed a five-headed hydra
 16340 | Lair:3   | Found a runed translucent gate.
 16341 | Lair:3   | Found a runed translucent gate.
 16341 | Lair:3   | Found a runed translucent gate.
 16346 | Lair:3   | Noticed a minotaur
 16349 | Lair:3   | Noticed Heedrag's ghost (journeyman DsSu)
 16924 | Lair:3   | Noticed a catoblepas
 16935 | Lair:3   | Killed a catoblepas
 17127 | Lair:3   | Reached skill level 5 in Air Magic
 17246 | Lair:3   | Learned a level 5 spell: Irradiate
 17484 | Spider:1 | Entered Level 1 of the Spider Nest
 17509 | Lair:4   | Found a staircase to the Shoals.
 17518 | Lair:4   | Reached skill level 11 in Spellcasting
 17859 | Lair:4   | Reached XP level 13. HP: 103/103 MP: 24/32
 18166 | Lair:4   | Noticed Kirke
 18173 | Lair:4   | Killed Kirke
 18854 | Lair:4   | Learned a level 5 spell: Freezing Cloud
 19466 | Lair:5   | Reached skill level 5 in Long Blades
 19527 | Lair:5   | Reached skill level 1 in Ice Magic
 20072 | Lair:6   | Entered Level 6 of the Lair of Beasts
 21047 | Lair:6   | Reached skill level 12 in Spellcasting
 21716 | Lair:6   | Reached XP level 14. HP: 113/113 MP: 35/35
 21782 | Lair:6   | Found a staircase to the Slime Pits.
 22384 | Lair:6   | Learned a level 4 spell: Olgreb's Toxic Radiance
 22394 | Lair:6   | Identified the +8 rapier "Giantbane" {freeze, rC- Dex+9}
 23259 | D:11     | Found a staircase to the Orcish Mines.
 24236 | D:12     | Reached skill level 1 in Poison Magic
 24760 | D:12     | Reached skill level 5 in Transmutations
 25188 | D:13     | Found a frozen archway.
 25197 | D:13     | Learned a level 3 spell: Ignite Poison
 25216 | IceCv    | Entered an ice cave
 25250 | IceCv    | Found a transporter.
 25260 | IceCv    | Found a transporter.
 25598 | D:13     | You fall into a shaft and drop 2 floors!
 25598 | D:15     | Entered Level 15 of the Dungeon
 25625 | D:15     | Noticed Louise
 25630 | D:15     | Killed Louise
 25767 | D:14     | Found a gate to the Vaults.
 26026 | D:14     | Reached skill level 13 in Spellcasting
 26032 | D:14     | Reached XP level 15. HP: 121/121 MP: 29/37
 26087 | D:14     | Noticed Frances
 26092 | D:14     | Killed Frances
 28197 | D:15     | Found a staircase to the Depths.
 28402 | D:15     | Identified the ring of Happiness {rN+ Str+4}
 28944 | Orc:1    | Entered Level 1 of the Orcish Mines
 29150 | Orc:1    | Noticed Erolcha
 29153 | Orc:1    | Killed Erolcha
 29325 | Orc:1    | Slain by an ettin

Illustrated notes

Levels and vault maps discovered:
D:1:      heliophobic_arrival_ceremonial_halls, layout_rooms
D:2:      layout_loops_cross, minmay_joined_circles, uniq_natasha,
          uniq_crazy_yiuf_cottage
D:3:      layout_rooms, mainiacjoe_overflow_chevrons,
          shapermc_ecumenical_altar_acropolis
D:4:      layout_loops_corners, elyvilon_altar_5
D:5:      layout_basic, tgw_fedhas, mainiacjoe_overflow_alcove_1,
          lemuel_doored_altar, temple_doors_cd, minmay_gold_behind_fungi,
          feat_on_display
D:6:      layout_cave_pools, uniq_edmund
D:7:      layout_basic, kennysheep_generic_room_4, uniq_maggie
D:8:      layout_cave_pools, kennysheep_mini_moat
D:9:      layout_loops_corners, nicolae_wu_jian_wuxing_cycle
D:10:     layout_stronghold, nicolae_ru_path_of_blood, minitemple,
          grunt_lair_entry_orc_guard_hut, kennysheep_donut, disabler_island
D:11:     layout_cross, kennysheep_orc_monster_closet_entryway,
          amcnicky_mini_rare_corridor_liquid, hive_lemuel
D:12:     layout_basic
D:13:     layout_stronghold, portal_ice_cave_rime, xom_shifter_show
D:14:     layout_loops_cross, david_vaults_1, minivault_4,
          lemuel_blue_sif_altar, uniq_frances
D:15:     gammafunk_enter_depths_forms, layout_stronghold,
          nicolae_vehumet_radiance, st_stairs_5, uniq_louise
Lair:1:   layout_regular_city, gauntlet_entry_generic,
          nicolae_lair_grove_arrangements
Lair:2:   layout_loops_ring, ice2_lemuel, uniq_gastronok
Lair:3:   layout_misc_corridors, spider_nest_entry_a, special_room,
          maelrawn_ghost_gauntlet_escape, minmay_lair_oklob_items, minivault_25,
          roderic_carrion_pond, grunt_megastairs_3
Lair:4:   layout_roguey, minmay_shoals_entry_beasts, minivault_23,
          grunt_megastairs_1, uniq_kirke
Lair:5:   layout_cellular_growth
Lair:6:   gammafunk_lair_ancient_temple, layout_long_grid, slime_altar_1,
          serial_rivers, chequers_serial_rivers_large_b,
          chequers_serial_rivers_marsh, chequers_serial_rivers_small_3,
          chequers_serial_rivers_micro_e, chequers_serial_rivers_micro_b,
          chequers_serial_rivers_micro_d
Spider:1: layout_chambers
Orc:1:    layout_diamond_mine, nicolae_orc_pool_cavern, uniq_erolcha

Skill      XL: |  1  2  3  4  5  6  7  8  9 10 11 12 13 14 15 |
---------------+----------------------------------------------+-----
Transmutations | 1 2 3 4 5 |  5.9
Spellcasting   | 2 3 4 6 7 8 9 11 12 13 | 13.4
Earth Magic    | 3 4 5 6 7 8 9 |  9.9
Fighting       | 1 2 3 4 5 6 7 8 |  8.2
Stealth        | 2 3 |  3.7
Shields        | 1 2 3 4 |  4.2
Conjurations   | 1 2 3 4 5 6 |  6.6
Dodging        | 2 3 5 6 7 8 |  8.6
Long Blades    | 1 3 4 5 6 |  6.7
Armour         | 1 2 3 4 |  4.6
Air Magic      | 3 5 7 8 9 |  9.5
Ice Magic      | 2 3 |  3.0
Poison Magic   | 1 2 |  2.3
Unarmed Combat | |  0.6
Fire Magic     | |  0.4

Action                   |  1- 3 |  4- 6 |  7- 9 | 10-12 | 13-15 || total
-------------------------+-------+-------+-------+-------+-------++-------
Melee: Unarmed           |    60 |    17 |       |       |       ||    77
       Long sword        |       |     1 |    11 |       |       ||    12
       Scimitar          |       |       |    21 |    32 |    97 ||   150
 Cast: Sandblast         |    30 |    50 |    55 |    91 |     8 ||   234
       Stone Arrow       |       |    39 |    59 |   181 |   226 ||   505
       Petrify           |       |       |     1 |    11 |     1 ||    13
       Airstrike         |       |       |       |    74 |   256 ||   330
       Irradiate         |       |       |       |     2 |    12 ||    14
       Freezing Cloud    |       |       |       |       |    40 ||    40
       Olgreb's Toxic Ra |       |       |       |       |    36 ||    36
       Ignite Poison     |       |       |       |       |    21 ||    21
Evoke: Wand              |       |       |       |     3 |     1 ||     4
  Use: Scroll            |       |       |     4 |    18 |     1 ||    23
       Potion            |       |       |       |     3 |       ||     3
 Stab: Sleeping          |     1 |       |       |       |       ||     1
       Petrified         |       |       |       |     5 |       ||     5
Armor: Robe              |    27 |     4 |     2 |       |       ||    33
       Steam dragon scal |       |       |    15 |     1 |       ||    16
       Ring mail         |       |       |       |    54 |    81 ||   135
Dodge: Dodged            |    66 |    24 |    41 |   102 |   161 ||   394
Block: Buckler           |       |     1 |    10 |    40 |    83 ||   134

Table legend: (Time is in decaauts)
 A = Elapsed time spent in this place.
 B = Non-inter-level travel time spent in this place.
 C = Inter-level travel time spent in this place.
 D = Time resting spent in this place.
 E = Time spent auto-exploring this place.
 F = Levels seen in this place.
 G = Mean time per level.
                   A        B        C        D        E       F      G
               +--------+--------+--------+--------+--------+-----+--------+
         Total |  30118 |  29044 |   1074 |   2823 |  22539 |  25 | 1204.7 |
       Dungeon |  18234 |  17582 |    652 |    660 |  14807 |  15 | 1215.6 |
          Lair |  10869 |  10448 |    421 |   2052 |   7133 |   6 | 1811.5 |
   Spider Nest |      1 |      1 |      0 |      0 |      0 |   1 |    1.0 |
  Orcish Mines |    402 |    402 |      0 |      5 |    325 |   1 |  402.0 |
      Ice Cave |     70 |     70 |      0 |      0 |     27 |   1 |   70.0 |
      Gauntlet |    539 |    539 |      0 |    106 |    245 |   1 |  539.0 |
               +--------+--------+--------+--------+--------+-----+--------+

Top non-repeatable levels by time:
  Lair:2: 2326 daAuts
  Lair:6: 2284 daAuts
  Lair:3: 2110 daAuts
    D:10: 1843 daAuts
  Lair:5: 1825 daAuts
    D:15: 1724 daAuts
    D:12: 1693 daAuts
  Lair:4: 1330 daAuts
     D:7: 1316 daAuts
     D:1: 1289 daAuts
     D:9: 1260 daAuts
     D:4: 1239 daAuts
     D:2: 1233 daAuts
     D:5: 1209 daAuts
    D:14: 1141 daAuts
